 Dungeon Crawl Stone Soup version 0.29.0-4-gdea44cf6ec (webtiles) character file.

Game seed: 1807856133030668776

455 qw the Chopper (level 7, 0/40 HPs)
             Began as a Tengu Warper on Aug 28, 2022.
             Slain by a quokka (3 damage)
             ... on level 4 of the Dungeon.
             The game lasted 00:00:25 (3835 turns).

qw the Chopper (Tengu Warper)                       Turns: 3835, Time: 00:00:25

Health: 0/40       AC: 11    Str: 19    XL:     7   Next: 5%
Magic:  11/11      EV:  4    Int: 13    God:
Gold:   171        SH:  0    Dex: 14    Spells: 10/10 levels left

rFire   . . .      SeeInvis .   Y - +0 war axe (drain)
rCold   . . .      Faith    .   (no shield)
rNeg    . . .      Spirit   .   h - +0 plate armour
rPois   .          Reflect  .   (helmet restricted)
rElec   .          Harm     .   (no cloak)
rCorr   .          Rampage  .   (no gloves)
Will    .....                   (boots unavailable)
Stlth   ..........              (no amulet)
HPRegen 0.13/turn               c - +6 ring of strength
MPRegen 0.12/turn               (no ring)

@: flying quickly and evasively, constricted, quick
A: beak, talons 3, nimble flight
a: no special abilities


You were on level 4 of the Dungeon.
You visited 1 branch of the dungeon, and saw 4 of its levels.

You collected 171 gold pieces.


Innate Abilities, Weirdness & Mutations

You have a beak for a mouth.
You have claws for feet.
Your magical nature lets you fly swiftly and evasively.


   Skills:
 + Level 2.6 Fighting
 - Level 7.2 Axes
 - Level 1.0 Throwing
 - Level 3.1 Armour
 - Level 2.1 Dodging
 - Level 2.0 Spellcasting
 - Level 2.4 Translocations


You had 10 spell levels left.
You didn't know any spells.
Your spell library contained the following spells:

 Spells                   Type           Power      Damage    Failure   Level
 Blink                    Tloc           14%        N/A       99%         2
 Gell's Gravitas          Tloc           7%         N/A       100%        3
 Lesser Beckoning         Tloc           7%         N/A       100%        3
 Teleport Other           Tloc           7%         N/A       100%        3
 Manifold Assault         Tloc           7%         N/A       100%        5

Inventory:

Hand Weapons
 b - a +1 vorpal mace
 Y - a +0 war axe of draining (weapon)
Armour
 h - a +0 plate armour (worn)
Jewellery
 c - a +6 ring of strength (left hand)
Potions
 a - a potion of brilliance {unknown}
 d - a potion of degeneration {unknown}
 e - a potion of resistance {unknown}
 f - a potion of heal wounds {unknown}
 j - a potion of haste {unknown}

Dungeon Overview and Level Annotations

Branches:
Dungeon (4/15)
 Temple: D:4-7

Altars:

Annotations:
D:3 3 runed translucent doors, qw's ghost, amateur TeWr


Message History

An adder comes into view.
Found 8 gold pieces.
Found an escape hatch in the floor.
You feel sick.
You feel sick.
You are no longer poisoned.
The adder bites you but does no damage.
You miss the adder. The adder closely misses you.
You slash the adder! You claw the adder.
You kill the adder!
You start resting.
An iguana comes into view.
The iguana hisses angrily.
A ball python comes into view.
The ball python hisses angrily.
A quokka comes into view.
You slash the iguana! You drain the iguana.
You claw the iguana, but do no damage.
The iguana is almost dead.
The iguana bites you.
You hit the iguana.
You kill the iguana!
You closely miss the ball python.
The ball python bites you but does no damage.
The ball python grabs you. The ball python constricts you.
The ball python bites you but does no damage.
The ball python constricts you.
You have reached level 7!
You barely miss the ball python. Your kick misses the ball python.
Your punch misses the ball python. The ball python barely misses you.
The ball python constricts you.
You closely miss the ball python. Your kick misses the ball python.
Your peck misses the ball python. You barely miss the quokka.
The ball python bites you but does no damage.
The ball python constricts you.
The quokka bites you but does no damage.
The ball python bites you. The ball python constricts you.
You closely miss the ball python. Your kick misses the ball python.
You hit the quokka. The quokka bites you.
You die...

#.# #..
... .##.
. . #.#
..
####.##.#
#..>.....
#@r.....$
#.S......
#........
#........
#........
#........
#........
#........


You could see a quokka and a ball python.

Vanquished Creatures
  A black bear (D:4)
  An ogre (D:4)
  Jessica (D:2)
  An iguana (D:4)
  Natasha (thrice) (D:2)
  Terence (D:2)
  3 adders
  An ufetubus (D:4)
  2 adder zombies (D:2)
  2 worms (D:2)
  4 dart slugs
  An orc (D:4)
  4 ball pythons
  2 bat skeletons (D:2)
  6 endoplasms
  6 giant cockroaches
  13 goblins
  4 hobgoblins
  A jackal (D:1)
  2 quokkas (D:3)
  A ball python zombie (D:2)
  6 bats
  6 frilled lizards
  A giant cockroach zombie (D:2)
  7 kobolds
  5 rats
85 creatures vanquished.

Vanquished Creatures (others)
  3 withered plants (D:2)
3 creatures vanquished.

Grand Total: 88 creatures vanquished

Notes
Turn   | Place    | Note
-------+----------+-------------------------------------------
     0 | D:1      | qw the Tengu Warper began the quest for the Orb.
     0 | D:1      | Reached XP level 1. HP: 12/12 MP: 4/4
     0 | D:1      | 0 ||| qw: Version: 0.1-a-89-g26bdef1
     0 | D:1      | 0 ||| qw: Game counter: 3119
     0 | D:1      | 0 ||| qw: Always use a shield: true
     0 | D:1      | 0 ||| qw: God list: Okawaru
     0 | D:1      | 0 ||| qw: Allow faded altars: false
     0 | D:1      | 0 ||| qw: Do Orc after D:15 true
     0 | D:1      | 0 ||| qw: Do second Lair branch before Depths: true
     0 | D:1      | 0 ||| qw: Lair rune preference: random
     0 | D:1      | 0 ||| qw: Plans: Normal
     0 | D:1      | 0 ||| PLANNING D:1-11
    36 | D:1      | 36 ||| Stepping ~*~*~tactically~*~*~ (hiding).
   143 | D:1      | Reached XP level 2. HP: 17/17 MP: 6/6
   146 | D:1      | Reached skill level 3 in Axes
   692 | D:1      | 692 ||| Stepping ~*~*~tactically~*~*~ (stealth).
   712 | D:1      | 712 ||| Stepping ~*~*~tactically~*~*~ (stealth).
   713 | D:1      | 713 ||| SWAPPING to +0 war axe.
   714 | D:1      | 714 ||| DROPPING +0 hand axe.
   716 | D:1      | 716 ||| Stepping ~*~*~tactically~*~*~ (stealth).
   726 | D:1      | Reached XP level 3. HP: 21/21 MP: 7/7
  1022 | D:1      | 1022 ||| Stepping ~*~*~tactically~*~*~ (stealth).
  1027 | D:1      | 1027 ||| Stepping ~*~*~tactically~*~*~ (stealth).
  1039 | D:1      | 1039 ||| DROPPING orb of energy.
  1040 | D:1      | 1040 ||| READING scroll labelled XOEGORGH QACUXT.
  1041 | D:1      | 1041 ||| READING scroll labelled JOSCHI DOCILUSUN.
  1042 | D:1      | 1042 ||| READING scroll labelled XEUSKY BODWIG.
  1043 | D:1      | 1043 ||| DROPPING scroll of blinking.
  1081 | D:2      | Reached skill level 4 in Axes
  1087 | D:2      | 1087 ||| Stepping ~*~*~tactically~*~*~ (stealth).
  1088 | D:2      | 1088 ||| Stepping ~*~*~tactically~*~*~ (stealth).
  1090 | D:2      | 1090 ||| Stepping ~*~*~tactically~*~*~ (stealth).
  1216 | D:2      | Noticed Jessica
  1217 | D:2      | 1217 ||| Stepping ~*~*~tactically~*~*~ (stealth).
  1219 | D:2      | Killed Jessica
  1220 | D:2      | Reached XP level 4. HP: 26/26 MP: 8/8
  1228 | D:2      | Noticed Natasha
  1229 | D:2      | 1229 ||| FLEEEEING.
  1230 | D:2      | 1230 ||| FLEEEEING.
  1231 | D:2      | 1231 ||| FLEEEEING.
  1232 | D:2      | 1232 ||| Stepping ~*~*~tactically~*~*~ (hiding).
  1240 | D:2      | Killed Natasha
  1241 | D:2      | Reached skill level 5 in Axes
  1458 | D:2      | Identified the +6 sling "Poug Diar" {speed, Dex+4}
  1560 | D:2      | Found a faded altar of an unknown god.
  1701 | D:2      | 1701 ||| Stepping ~*~*~tactically~*~*~ (stealth).
  1702 | D:2      | 1702 ||| Stepping ~*~*~tactically~*~*~ (stealth).
  1711 | D:2      | 1711 ||| FLEEEEING.
  1868 | D:2      | 1868 ||| Stepping ~*~*~tactically~*~*~ (stealth).
  1883 | D:2      | 1883 ||| Stepping ~*~*~tactically~*~*~ (stealth).
  1884 | D:2      | 1884 ||| Stepping ~*~*~tactically~*~*~ (stealth).
  1901 | D:2      | 1901 ||| Stepping ~*~*~tactically~*~*~ (stealth).
  1911 | D:2      | 1911 ||| Stepping ~*~*~tactically~*~*~ (stealth).
  1919 | D:2      | 1919 ||| Stepping ~*~*~tactically~*~*~ (stealth).
  1924 | D:2      | Gained mutation: Your magical nature lets you fly swiftly
                  | and evasively. [Tengu growth]
  1924 | D:2      | Reached XP level 5. HP: 24/30 MP: 9/9
  1950 | D:2      | 1950 ||| Stepping ~*~*~tactically~*~*~ (stealth).
  1951 | D:2      | 1951 ||| Stepping ~*~*~tactically~*~*~ (stealth).
  2015 | D:2      | Noticed Terence
  2027 | D:2      | Killed Terence
  2033 | D:2      | 2033 ||| FLEEEEING.
  2034 | D:2      | 2034 ||| FLEEEEING.
  2035 | D:2      | 2035 ||| FLEEEEING.
  2036 | D:2      | 2036 ||| FLEEEEING.
  2037 | D:2      | 2037 ||| FLEEEEING.
  2038 | D:2      | 2038 ||| FLEEEEING.
  2041 | D:2      | 2041 ||| FLEEEEING.
  2042 | D:2      | 2042 ||| FLEEEEING.
  2043 | D:2      | 2043 ||| FLEEEEING.
  2044 | D:2      | 2044 ||| FLEEEEING.
  2045 | D:2      | 2045 ||| FLEEEEING.
  2046 | D:2      | 2046 ||| FLEEEEING.
  2064 | D:2      | 2064 ||| FLEEEEING.
  2091 | D:2      | 2091 ||| FLEEEEING.
  2092 | D:2      | 2092 ||| FLEEEEING.
  2093 | D:2      | 2093 ||| FLEEEEING.
  2094 | D:2      | 2094 ||| FLEEEEING.
  2114 | D:2      | 2114 ||| FLEEEEING.
  2115 | D:2      | 2115 ||| FLEEEEING.
  2116 | D:2      | 2116 ||| STAIRDANCE
  2162 | D:1      | 2162 ||| UPGRADING to +0 scale mail.
  2172 | D:1      | 2172 ||| DROPPING +0 leather armour.
  2173 | D:1      | 2173 ||| READING scroll labelled XUOHAT JOJO.
  2180 | D:2      | 2180 ||| STAIRDANCE
  2320 | D:2      | Noticed Natasha
  2321 | D:2      | 2321 ||| Stepping ~*~*~tactically~*~*~ (hiding).
  2327 | D:2      | Killed Natasha
  2328 | D:2      | Reached skill level 6 in Axes
  2370 | D:2      | Noticed Natasha
  2371 | D:2      | 2371 ||| Stepping ~*~*~tactically~*~*~ (hiding).
  2375 | D:2      | Killed Natasha
  2470 | D:2      | 2470 ||| DROPPING +0 whip.
  2659 | D:3      | 2659 ||| Stepping ~*~*~tactically~*~*~ (stealth).
  2918 | D:3      | 2918 ||| Stepping ~*~*~tactically~*~*~ (hiding).
  3082 | D:3      | Found a runed translucent gate.
  3082 | D:3      | Noticed qw's ghost (amateur TeWr)
  3083 | D:3      | Found a runed translucent gate.
  3084 | D:3      | Found a runed translucent gate.
  3084 | D:3      | Identified the +1 ring mail "Mah Voetroe" {rPois MP+9
                  | Int-5}
  3177 | D:3      | 3177 ||| Stepping ~*~*~tactically~*~*~ (hiding).
  3324 | D:3      | Reached XP level 6. HP: 35/35 MP: 10/10
  3553 | D:3      | 3553 ||| UPGRADING to +0 plate armour.
  3563 | D:3      | 3563 ||| DROPPING +0 scale mail.
  3564 | D:3      | 3564 ||| UPGRADING to +6 ring of strength.
  3565 | D:3      | 3565 ||| READING 2 scrolls labelled QAFISOOL DANG.
  3783 | D:4      | Noticed a black bear
  3787 | D:4      | 3787 ||| Stepping ~*~*~tactically~*~*~ (stealth).
  3797 | D:4      | Killed a black bear
  3798 | D:4      | Reached skill level 3 in Armour
  3799 | D:4      | Noticed a black bear
  3799 | D:4      | HP: 8/35 [ogre/+0 giant club (14)]
  3800 | D:4      | 3800 ||| READING scroll of teleportation.
  3802 | D:4      | Reached skill level 7 in Axes
  3804 | D:4      | HP: 3/35 [poisoned by an adder]
  3831 | D:4      | HP: 3/35 [iguana (2)]
  3833 | D:4      | Reached XP level 7. HP: 4/40 MP: 11/11
  3835 | D:4      | Slain by a quokka

Levels and vault maps discovered:
D:1:      wander_arrival_desolate, layout_loops_ring, minmay_distorted
D:2:      layout_loops_cross, shapermc_ecumenical_altar_flowoftime,
          serial_undead, serial_undead_e, serial_undead_a, serial_undead_b,
          serial_undead_d, serial_undead_f, uniq_natasha, uniq_jessica,
          uniq_terence
D:3:      layout_loops_ring, biasface_ghost_orc_armoury
D:4:      minmay_bubble_buster, layout_basic, st_stairs_11

Skill      XL: |  1  2  3  4  5  6 |
---------------+-------------------+-----
Axes           | 3 4 5 6 7 |  7.2
Armour         | 3 |  3.1
Fighting       | |  2.6
Throwing       | |  1.0
Dodging        | |  2.1
Spellcasting   | |  2.0
Translocations | |  2.4

Action                   |  1- 3 |  4- 6 |  7- 9 || total
-------------------------+-------+-------+-------++-------
Melee: Hand axe          |    48 |       |       ||    48
       Peck              |     5 |    15 |       ||    20
       Kick              |    13 |    25 |       ||    38
       War axe           |    36 |   115 |     3 ||   154
Throw: Boomerang         |     7 |       |       ||     7
  Use: Scroll            |     3 |     3 |       ||     6
Armor: Leather armour    |    35 |     9 |       ||    44
       Scale mail        |       |    14 |       ||    14
       Plate armour      |       |    21 |     2 ||    23
Dodge: Dodged            |    53 |    67 |     1 ||   121

Table legend:
 A = Non-vault XP
 B = Vault XP
 C = Vault XP percentage of total XP
 D = Non-vault monster count
 E = Vault monster count
 F = Vault count percentage of total count
                 A         B        C        D         E       F
            +---------+---------+-------+---------+---------+-------
      Total |     396 |     254 |  39.1 |      72 |      13 |  15.3
            +---------+---------+-------+---------+---------+-------
        D:1 |      38 |       4 |   9.5 |      21 |       2 |   8.7
        D:2 |     119 |     119 |  50.0 |      27 |       9 |  25.0
        D:3 |      42 |       0 |   0.0 |      16 |       0 |   0.0
        D:4 |     197 |     131 |  39.9 |       8 |       2 |  20.0
            +---------+---------+-------+---------+---------+-------
